 Dungeon Sprint DCSS version 0.30.0-17-ge0270778cf (webtiles) character file.

Game seed: 15637135537746123387

756 boopmooplesden the Cleaver (level 7, 0/75 HPs)
             Began as a Minotaur Berserker on May 21, 2023.
             Was an Elder of Trog.
             Slain by an orc warrior
             ... wielding a +0 battleaxe
              (8 damage)
             ... in the Dungeon (Sprint IX: "|||||||||||||||||||||||||||||").
             The game lasted 00:00:39 (212 turns).

boopmooplesden the Cleaver (Minotaur Berserker)      Turns: 212, Time: 00:00:40

Health: 0/75       AC: 11    Str: 24    XL:     7   Next: 50%
Magic:  6/6        EV: 11    Int:  7    God:    Trog [****..]
Gold:   0          SH:  0    Dex: 12    Spells: 6/6 levels left

rFire   . . .        k - +1 broad axe (heavy)
rCold   . . .        (no shield)
rNeg    . . .        l - +1 chain mail
rPois   .            (helmet restricted)
rElec   .            (no cloak)
rCorr   .            (no gloves)
SInv    .            (no boots)
Will    .....        (no amulet) Stlth
                     m - +3 ring of dexterity
HPRegen 0.32/turn    n - +3 ring of intelligence
MPRegen 0.10/turn

%: no teleportation
@: on berserk cooldown, slowed, very slow
A: horns 2, retaliatory headbutt
a: Renounce Religion, Berserk, Trog's Hand, Brothers in Arms


You were in the Dungeon.
You worshipped Trog.
Trog was greatly pleased with you.
You visited 1 branch

Inventory:

Hand Weapons
 a - a +0 hand axe
 k - a +1 heavy broad axe (weapon)
Armour
 b - a +0 animal skin
 l - a +1 chain mail (worn)
Jewellery
 m - a +3 ring of dexterity (left hand)
 n - a +3 ring of intelligence (right hand)
Wands
 j - a wand of acid (10)
Scrolls
 h - 2 scrolls of blinking
Potions
 c - 5 potions of curing
 d - 3 potions of heal wounds
 e - a potion of haste
 f - 4 potions of magic
 g - a potion of berserk rage
 i - a potion of invisibility


   Skills:
 + Level 11.9 Fighting
 + Level 13.7 Axes
 + Level 6.4 Armour
 + Level 6.5 Dodging


You had 6 spell levels left.
You didn't know any spells.
Your spell library was empty.

Dungeon Overview and Level Annotations

Branches:
Dungeon (1/1)

Altars:
Cheibriados
Dithmenos
Elyvilon
Fedhas
Gozag
Hepliaklqana
Kikubaaqudgha
Makhleb
Nemelex Xobeh
Okawaru
Qazlal
Ru
Sif Muna
Trog
Uskayaw
Vehumet
Wu Jian
Xom
Yredelemnul
Zin
The Shining One
Jiyva
Lugonu


Innate Abilities, Weirdness & Mutations

You have a pair of horns on your head.
You reflexively headbutt those who attack you in melee.


Message History

You kill the centaur!
Trog accepts your kill.
Your Fighting skill increases to level 8!
Your Axes skill gained 2 levels and is now at level 9!
You have reached level 5!
You barely miss the two-headed ogre. The two-headed ogre misses you. x2
You barely miss the two-headed ogre.
Your headbutt misses the two-headed ogre.
The two-headed ogre hits you with a +0 giant spiked club!
The two-headed ogre hits you with a +0 giant club!
You barely miss the two-headed ogre.
Your headbutt misses the two-headed ogre.
You dice the two-headed ogre like an onion!!!
You headbutt the two-headed ogre!
The two-headed ogre is almost dead.
The two-headed ogre hits you with a +0 giant spiked club!!
The two-headed ogre hits you with a +0 giant club!!
* * * LOW HITPOINT WARNING * * *
You slice the two-headed ogre!!
You kill the two-headed ogre!
Trog accepts your kill.
You can now call in reinforcements.
You are no longer berserk.
You are exhausted.
You feel yourself slow down.
Your Fighting skill gained 3 levels and is now at level 11!
Your Axes skill gained 4 levels and is now at level 13!
Your Armour skill gained 2 levels and is now at level 6!
Your Dodging skill gained 2 levels and is now at level 6!
You have reached level 6!
You have reached level 7!
You slice the orc warrior!!
The orc warrior is severely wounded.
The orc warrior misses you. x2
You hit the orc warrior.
You punch the orc warrior, but do no damage.
The orc warrior is almost dead.
The orc warrior hits you with a +0 battleaxe.
* * * LOW HITPOINT WARNING * * *
The orc warrior hits you with a +0 battleaxe!
You die... ▓▓▓▓▓▓▓▓▓▓▓▓▓▓▓▓▓▓▓▓▓▓▓▓ +..oc.o@...[[.)?.'______ ▓▓▓▓▓▓▓▓▓▓▓▓▓▓▓▓▓▓▓▓▓▓▓▓

You could see 2 orc warriors and a centaur.

Vanquished Creatures
  A two-headed ogre (D)
  A centaur (D)
  A phantom (D)
  An adder (D)
  An ufetubus (D)
  2 orcs (D)
  An endoplasm (D)
  A hobgoblin (D)
  A quokka (D)
  A frilled lizard (D)
  A rat (D)
12 creatures vanquished.

Notes
Turn   | Place    | Note
-------+----------+-------------------------------------------
     0 | D        | boopmooplesden the Minotaur Berserker began the quest for
                  | the Orb.
     0 | D        | Reached XP level 1. HP: 19/19 MP: 0/0
     7 | D        | Reached skill level 4 in Axes
    10 | D        | Reached ** piety under Trog
   125 | D        | Noticed a phantom
   130 | D        | Killed a phantom
   131 | D        | Reached skill level 7 in Axes
   131 | D        | Reached XP level 2. HP: 31/31 MP: 1/1
   131 | D        | Reached XP level 3. HP: 38/38 MP: 2/2
   131 | D        | Reached XP level 4. HP: 45/45 MP: 3/3
   133 | D        | Reached *** piety under Trog
   144 | D        | Found a snail-covered altar of Cheibriados.
   144 | D        | Found a shadowy altar of Dithmenos.
   144 | D        | Found a white marble altar of Elyvilon.
   144 | D        | Found a blossoming altar of Fedhas.
   144 | D        | Found an opulent altar of Gozag.
   145 | D        | Found a hazy altar of Hepliaklqana.
   146 | D        | Found a viscous altar of Jiyva.
   147 | D        | Found an ancient bone altar of Kikubaaqudgha.
   148 | D        | Found a corrupted altar of Lugonu.
   149 | D        | Found a burning altar of Makhleb.
   150 | D        | Found a sparkling altar of Nemelex Xobeh.
   151 | D        | Found an iron altar of Okawaru.
   152 | D        | Found a stormy altar of Qazlal.
   153 | D        | Found a sacrificial altar of Ru.
   154 | D        | Found a shimmering blue altar of Sif Muna.
   155 | D        | Found a bloodstained altar of Trog.
   156 | D        | Found a hide-covered altar of Uskayaw.
   157 | D        | Found a radiant altar of Vehumet.
   158 | D        | Found an ornate altar of the Wu Jian Council.
   159 | D        | Found a shimmering altar of Xom.
   160 | D        | Found a basalt altar of Yredelemnul.
   161 | D        | Found a glowing silver altar of Zin.
   162 | D        | Found a glowing golden altar of the Shining One.
   201 | D        | Noticed an orc warrior
   201 | D        | Noticed a centaur
   201 | D        | Noticed a two-headed ogre
   201 | D        | Noticed an orc warrior
   201 | D        | Noticed a centaur
   205 | D        | Killed a centaur
   206 | D        | Reached skill level 9 in Axes
   206 | D        | Reached XP level 5. HP: 56/56 MP: 4/4
   210 | D        | Killed a two-headed ogre
   210 | D        | Reached **** piety under Trog
   211 | D        | Reached skill level 13 in Axes
   211 | D        | Reached XP level 6. HP: 8/70 MP: 5/5
   211 | D        | Reached XP level 7. HP: 9/75 MP: 6/6
   212 | D        | Slain by an orc warrior

Illustrated notes

Levels and vault maps discovered:
D:        linesprint [early_d, line_temple, items_1, d_10, items_2, lair_1,
          lair_end, items_3, orc_1, orc_end, items_4, d_15, swamp_1, shoals_1,
          snake_1, spider_1, d_20, vaults_1, items_5, swamp_end, shoals_end,
          snake_end, spider_end, vaults_end, d_27, items_6, zot_1, zot_end,
          crypt_end, forest_end, elf_end, slime_end, tomb_end, abyss_end,
          pan_hell_end]

Skill      XL: |  1  2  3  4  5 |
---------------+----------------+-----
Fighting       | 6 8 11 | 11.9
Axes           | 7 9 13 | 13.7
Armour         | 3 4 6 |  6.4
Dodging        | 3 4 6 |  6.5

Action                     |  1- 3 |  4- 6 |  7- 9 || total
---------------------------+-------+-------+-------++-------
  Melee: Hand axe          |    19 |     7 |       ||    26
         Headbutt          |     3 |     3 |       ||     6
         Broad axe         |       |     7 |     2 ||     9
         Punch             |       |       |     1 ||     1
 Invoke: Berserk           |     1 |     1 |       ||     2
 Armour: Animal skin       |     3 |       |       ||     3
         Chain mail        |       |     3 |       ||     3
  Dodge: Dodged            |     8 |     8 |     2 ||    18
